 Dungeon Crawl Stone Soup version 0.28.0 (webtiles) character file.

Game seed: 15975895547312796241

3329 HallandMoats the Ducker (level 10, -4/71 HPs)
             Began as an Octopode Monk on Feb 7, 2022.
             Was a Priest of Uskayaw.
             Slain by a death yak (25 damage)
             ... on level 8 of the Dungeon.
             The game lasted 00:06:18 (7759 turns).

HallandMoats the Ducker (Octopode Monk)             Turns: 7759, Time: 00:06:19

Health: -4/71      AC: 10    Str: 15    XL:     10   Next: 2%
Magic:  8/13       EV: 16    Int: 12    God:    Uskayaw [***...]
Gold:   367        SH:  0    Dex: 15    Spells: 9/9 levels left

rFire   + + .      SeeInvis .   b - +10 short sword "Mylyjuuv" {protect, rF+}
rCold   . . .      Faith    .   (no shield)
rNeg    . . .      Spirit   .   g - +2 hat
rPois   .          Reflect  .   (no amulet)
rElec   .          Harm     .   a - ring of protection from fire
rCorr   .          Rampage  .   (no ring)
Will    .....                   (no ring)
Stlth   +++++.....              (no ring)
HPRegen 0.21/turn               (no ring)
MPRegen 0.13/turn               (no ring)
                                (no ring)
                                (no ring)

@: under a protective aura
A: almost no armour, amphibious, 8 rings, camouflage 1, gelatinous body 1,
(nimble swimmer 1), tentacles
a: Renounce Religion, Stomp, Line Pass


You were on level 8 of the Dungeon.
You worshipped Uskayaw.
Uskayaw was noncommittal.
You visited 1 branch of the dungeon, and saw 8 of its levels.

You collected 367 gold pieces.

Inventory:

Hand Weapons
 b - the +10 short sword "Mylyjuuv" (weapon) {protect, rF+}
   (You found it on level 3 of the Dungeon)

   It grants its wielder temporary protection when it strikes (+7 to AC).
   rF:        It protects you from fire.
Missiles
 s - a throwing net (quivered)
Armour
 g - a +2 hat (worn)
Jewellery
 a - a ring of protection from fire (left tentacle)
 x - an amulet of regeneration
Wands
 f - a wand of paralysis (11)
 o - a wand of polymorph (12)
 r - a wand of acid (8)
Scrolls
 c - a scroll of blinking {unknown}
 d - 4 scrolls of identify {unknown}
 e - a scroll of immolation {unknown}
 i - 4 scrolls of teleportation
 l - 2 scrolls of magic mapping {unknown}
 m - 2 scrolls of fear {unknown}
 q - a scroll of fog {unknown}
 t - a scroll of amnesia {unknown}
Potions
 h - a potion of brilliance {unknown}
 j - 2 potions of attraction
 k - a potion of cancellation {unknown}
 n - a potion of magic {unknown}
 p - a potion of curing {unknown}
 u - a potion of berserk rage
 v - a potion of haste {unknown}
 w - a potion of mutation {unknown}
 z - a potion of experience {unknown}


   Skills:
 * Level 7.6 Fighting
 * Level 7.6 Dodging
 + Level 7.3 Stealth
 * Level 7.5 Unarmed Combat
 + Level 5.0 Invocations


You had 9 spell levels left.
You didn't know any spells.
Your spell library contained the following spells:

 Spells                   Type           Power      Damage    Failure   Level
 Beastly Appendage        Tmut           0%         N/A       32%         1
 Sandblast                Erth           0%         2d4       32%         1
 Passwall                 Tmut/Erth      0%         N/A       45%         2
 Wereblood                Tmut           0%         N/A       45%         2
 Spider Form              Tmut/Pois      0%         N/A       69%         3
 Stone Arrow              Conj/Erth      0%         3d7       69%         3


Dungeon Overview and Level Annotations

Branches:
Dungeon (8/15)             Temple (0/1) D:4            Lair (0/6) D:8

Altars:
Ashenzari
Uskayaw

Shops:
D:7 (


Innate Abilities, Weirdness & Mutations

You cannot wear most types of armour.
You are amphibious.
You can wear up to eight rings at the same time.
Your skin changes colour to match your surroundings (Stealth+).
Your rubbery body absorbs attacks. (AC +1, EV +1)
((You are camouflaged when in or above water. (Stealth+)))
You have tentacles for arms and can constrict up to eight enemies at once.


Message History

You puncture the death yak!
You kill the death yak!
The death yak gores you.
You can now pass through a line of other dancers.
Your Stealth skill increases to level 7!
Your Invocations skill increases to level 5!
You have reached level 10!
You feel agile.
Unknown command.
You hit the death yak but do no damage. You squeeze the death yak!
The death yak is lightly wounded.
The death yak gores you but does no damage.
You puncture the death yak! Your squeeze misses the death yak.
The death yak is lightly wounded.
The death yak gores you.
You hit the death yak. You squeeze the death yak.
The death yak is moderately wounded.
The death yak gores you!
Uskayaw will force your foes to helplessly watch your dance.
Uskayaw prepares the audience for your solo!
The helpless death yak fails to defend itself.
You impale the death yak!!
You squeeze the death yak, but do no damage.
The death yak is severely wounded.
The death yak is no longer paralysed.
The death yak gores you.
* * * LOW HITPOINT WARNING * * *
The jelly quivers.
You hit the death yak.
You squeeze the death yak, but do no damage.
The death yak is severely wounded.
The rat is no longer paralysed.
The hell rat is no longer paralysed.
The orc is no longer paralysed. x3
The death yak gores you but does no damage.
You hit the death yak but do no damage. You squeeze the death yak.
The death yak is severely wounded.
The death yak gores you but does no damage.
You hit the death yak.
The death yak is severely wounded.
The death yak gores you!!
You die...

#.......#
#.......#
##......#
#.########
#........#
##.......+
#......##
######o.....##
#...@Yor......
##.####or......
......Yr..)>...
..).r.Y...!..##
....r..o.#...#
.....r#......#
....>.#........
..#J...........
...#...........


You could see a death yak, a hell rat, 3 orcs and a rat.

Vanquished Creatures
  A death yak (D:8)
  Maggie (D:8)
  A hornet (D:6)
  Menkaure (D:7)
  An ice beast (D:7)
  2 sky beasts
  2 black bears (D:6)
  2 orc warriors (D:7)
  3 necrophages
  An ogre (D:5)
  A phantom (D:7)
  2 centaurs
  A wyvern skeleton (D:6)
  A howler monkey (D:7)
  2 centaur zombies
  An orc priest (D:6)
  Crazy Yiuf (D:4)
  3 hounds
  2 iguanas
  2 orc wizards (D:6)
  A killer bee zombie (D:5)
  A hound skeleton (D:4)
  A howler monkey zombie (D:7)
  3 gnolls (D:5)
  6 adders
  A white imp (D:7)
  2 worms
  8 dart slugs
  12 orcs
  8 ball pythons
  7 endoplasms
  A giant cockroach (D:1)
  6 goblins
  11 hobgoblins
  7 jackals
  15 kobolds
  4 quokkas
  6 bats
  3 frilled lizards
  7 rats
141 creatures vanquished.

Notes
Turn   | Place    | Note
-------+----------+-------------------------------------------
     0 | D:1      | HallandMoats the Octopode Monk began the quest for the Orb.
     0 | D:1      | Reached XP level 1. HP: 16/16 MP: 1/1
   224 | D:1      | Reached XP level 2. HP: 4/21 MP: 2/2
   884 | D:1      | Reached XP level 3. HP: 26/26 MP: 3/3
  1612 | D:2      | Reached XP level 4. HP: 25/31 MP: 4/4
  1770 | D:2      | Found a faded altar of an unknown god.
  1778 | D:2      | Prayed at the altar of an unknown god.
  1778 | D:2      | Became a worshipper of Uskayaw the Reveller
  1778 | D:2      | Reached * piety under Uskayaw
  1778 | D:2      | Reached ** piety under Uskayaw
  1791 | D:2      | Reached skill level 1 in Invocations
  2817 | D:3      | Identified the +10 short sword "Mylyjuuv" {protect, rF+}
  3388 | D:4      | Reached XP level 5. HP: 37/37 MP: 4/6
  3707 | D:4      | Found a staircase to the Ecumenical Temple.
  4046 | D:4      | Found a runed translucent door.
  4047 | D:4      | Noticed Crazy Yiuf
  4211 | D:4      | Killed Crazy Yiuf
  4339 | D:5      | Entered Level 5 of the Dungeon
  4339 | D:5      | Noticed an ogre
  4348 | D:5      | Killed an ogre
  4348 | D:5      | Reached *** piety under Uskayaw
  4349 | D:5      | Reached XP level 6. HP: 34/43 MP: 7/7
  4683 | D:5      | Found a broken altar of Ashenzari.
  4750 | D:5      | Noticed a necrophage
  4760 | D:5      | Killed a necrophage
  4796 | D:5      | Reached XP level 7. HP: 49/49 MP: 8/8
  5070 | D:6      | Reached skill level 5 in Fighting
  5070 | D:6      | Reached skill level 5 in Dodging
  5162 | D:6      | Reached skill level 5 in Unarmed Combat
  5389 | D:6      | Reached XP level 8. HP: 54/55 MP: 10/10
  5405 | D:6      | Reached skill level 5 in Stealth
  5699 | D:6      | Noticed a hornet
  5703 | D:6      | Paralysed by a hornet for 2 turns
  5708 | D:6      | Killed a hornet
  6412 | D:7      | Noticed Menkaure
  6416 | D:7      | Killed Menkaure
  6424 | D:7      | Reached **** piety under Uskayaw
  6522 | D:7      | Reached XP level 9. HP: 29/62 MP: 11/11
  6524 | D:7      | Reached ***** piety under Uskayaw
  7323 | D:7      | Found Ziybreos's Weapon Emporium.
  7668 | D:8      | Noticed Maggie
  7679 | D:8      | Killed Maggie
  7734 | D:8      | Noticed a death yak
  7736 | D:8      | Found a staircase to the Lair.
  7738 | D:8      | Noticed a death yak
  7738 | D:8      | Noticed a death yak
  7752 | D:8      | Killed a death yak
  7753 | D:8      | Reached skill level 5 in Invocations
  7753 | D:8      | Reached XP level 10. HP: 41/71 MP: 7/13
  7759 | D:8      | Slain by a death yak

Illustrated notes

Levels and vault maps discovered:
D:1:      lemuel_arrival_behind_the_door_small, layout_basic,
          minmay_heptomino_d4
D:2:      layout_rooms, basic_ecumenical_altar, chequers_serial_rivers_large_a,
          minmay_misc_feat_tiny
D:3:      kennysheep_big_flooded_room, layout_basic, nrook_campfire,
          bh_walls_and_bars
D:4:      layout_basic, minmay_temple_entry_statues_fountains,
          uniq_crazy_yiuf_cottage
D:5:      layout_cave_pools, mainiacjoe_overflow_cross_hatched,
          minmay_misc_feat_ornament
D:6:      layout_basic
D:7:      layout_loops_ring, serial_shops, shop, minmay_diced_spiral,
          uniq_menkaure
D:8:      layout_gridville, dpeg_lair_monsters, minivault_27, uniq_maggie,
          uniq_joseph, uniq_grum, uniq_harold

Skill      XL: |  1  2  3  4  5  6  7  8  9 |
---------------+----------------------------+-----
Stealth        | 3 4 6 7 |  7.3
Invocations    | 1 2 3 5 |  5.0
Dodging        | 4 5 6 7 |  7.6
Fighting       | 4 5 6 7 |  7.6
Unarmed Combat | 4 5 6 7 |  7.5

Action                   |  1- 3 |  4- 6 |  7- 9 | 10-12 || total
-------------------------+-------+-------+-------+-------++-------
Melee: Unarmed           |    89 |    39 |       |       ||   128
       Constrict         |    25 |    28 |    20 |       ||    73
       Tentacles         |    15 |    21 |    24 |     5 ||    65
       Punch             |     1 |     6 |     7 |       ||    14
       Short sword       |       |    72 |   111 |     7 ||   190
Invok: Stomp             |       |       |     5 |       ||     5
  Use: Scroll            |     1 |       |       |       ||     1
       Potion            |       |       |     3 |       ||     3
 Stab: Sleeping          |    14 |    17 |     9 |       ||    40
       Paralysed         |       |     1 |     6 |     1 ||     8
Armor: Skin              |    10 |    10 |    21 |     3 ||    44
Dodge: Dodged            |    49 |    57 |    94 |       ||   200
